 Dungeon Crawl Stone Soup version 0.26.0-10-g1f06aea511 (webtiles) character file.

Game seed: 5594802661169371622

37 Borgoz the Slasher (level 3, -4/30 HPs)
             Began as a Ghoul Gladiator on Jan 30, 2021.
             Slain by an orc
             ... wielding a +0 war axe
              (7 damage)
             ... while paralysed
             ... on level 4 of the Dungeon.
             The game lasted 00:01:14 (1095 turns).

Borgoz the Slasher (Ghoul Gladiator)                Turns: 1095, Time: 00:01:15

Health: -4/30      AC:  5    Str: 14 (17) XL:     3   Next: 41%
Magic:  2/2        EV:  2    Int:  0 (3)  God:
Gold:   44         SH:  0    Dex:  9 (11) Spells: 2/2 levels left

rFire    . . .     SeeInvis .   b - +2 dagger (venom)
rCold    + . .     Faith    .   (no shield)
rNeg     + + +     Spirit   .   e - +0 leather armour
rPois    ∞         Reflect  +   c - +0 helmet
rElec    .         Harm     .   (no cloak)
rCorr    .         Rampage  .   k - +0 pair of gloves
Will     .....                  (no boots)
Stlth    +.........             g - amulet of reflection
HPRegen  0.00/turn              (no ring)
MPRegen  0.08/turn              (no ring)

@: paralysed, slowed, lost intelligence
A: claws 1, cold resistance 1, negative energy resistance 3, inhibited
regeneration, torment resistance, unbreathing
a: no special abilities


You were on level 4 of the Dungeon.
You visited 1 branch of the dungeon, and saw 3 of its levels.

You collected 44 gold pieces.

Inventory:

Hand Weapons
 a - a +0 long sword
 b - a +2 dagger of venom (weapon)
Missiles
 d - 3 throwing nets (quivered)
Armour
 c - a +0 helmet (worn)
 e - a +0 leather armour (worn)
 k - a +0 pair of gloves (worn)
Jewellery
 g - an amulet of reflection (around neck)
 n - a +6 ring of strength {unknown}
Scrolls
 f - 4 scrolls of identify {unknown}
 h - 2 scrolls of remove curse {unknown}
 i - 5 scrolls of magic mapping {unknown}
Potions
 j - a potion of mutation
 l - a potion of cancellation {unknown}
 m - a potion of brilliance {unknown}


   Skills:
 + Level 2.6 Fighting
 * Level 3.2 Long Blades
 - Level 1.7 Throwing
 + Level 0.9 Armour
 + Level 3.0 Dodging


You had 2 spell levels left.
You didn't know any spells.
Your spell library was empty.

Dungeon Overview and Level Annotations

Branches:
Dungeon (2/15)

Altars:


Innate Abilities, Weirdness & Mutations

You thrive by killing the living.
You are immune to poison.
You have sharp fingernails.
Your flesh is cold resistant. (rC+)
You are immune to negative energy. (rN+++)
You do not regenerate when monsters are visible.
You are immune to unholy pain and torment.
You can survive without breathing.


Message History

You are too injured to fight recklessly!
It was a potion of mutation.
You feel extremely strange.
Your body decomposes!
You feel dopey.
Your body decomposes!
You feel weakened.
Your body decomposes!
You feel dopey.
You have lost your intelligence.
The hound bites you. x2
* * * LOW HITPOINT WARNING * * *
The hound bites you.
* * * LOW HITPOINT WARNING * * *
The hound bites you.
* * * LOW HITPOINT WARNING * * *
The hound bites you but does no damage.
A giant cockroach comes into view.
The hound bites you.
* * * LOW HITPOINT WARNING * * *
The orc hits you with a +0 war axe!
You die...

## #. #. ##. ##
#.. .#
#####.h#.#
.......@.#.#.#.
##..#..o....)..
#.#..#.#.##
#.......#
######B.# .(..
#.... .#### .#


You could see a hound (very poisoned), an orc and a giant cockroach.

Vanquished Creatures
  An adder (D:2)
  An ooze (D:1)
  A leopard gecko (D:1)
  2 giant cockroaches (D:1)
  7 goblins
  2 hobgoblins (D:1)
  4 bats
  A frilled lizard (D:1)
  A kobold (D:1)
  2 rats (D:1)
22 creatures vanquished.

Notes
Turn   | Place    | Note
-------+----------+-------------------------------------------
     0 | D:1      | Borgoz the Ghoul Gladiator began the quest for the Orb.
     0 | D:1      | Reached XP level 1. HP: 17/17 MP: 0/0
   246 | D:1      | Reached XP level 2. HP: 25/25 MP: 1/1
   675 | D:1      | Reached XP level 3. HP: 30/30 MP: 2/2
  1086 | D:2      | You fall into a shaft and drop 2 floors!
  1092 | D:4      | Lost intelligence.
  1095 | D:4      | Slain by an orc

Illustrated notes

Levels and vault maps discovered:
D:1:      dpeg_arrival_stonehenge_8_columns, layout_basic, minmay_vboxes
D:2:      layout_basic, kennysheep_generic_room_10
D:4:      minmay_octagon_keep, layout_basic, uniq_sigmund, uniq_pikel,
          uniq_duvessa

Skill      XL: |  1  2  3 |
---------------+----------+-----
Long Blades    | 3 |  3.2
Dodging        | 3 |  3.0
Fighting       | |  2.6
Throwing       | |  1.7
Armour         | |  0.9

Action                   || total
-------------------------++-------
Melee: Long sword        ||    33
       Dagger            ||    43
  Use: Potion            ||     3
Armor: Leather armour    ||    29
Dodge: Dodged            ||    39
Block: Other             ||     9
       Reflection        ||     1
       Rpst.: Long sword ||     3
